 Dungeon Crawl Stone Soup version 0.18.1-50-g88ac8fd (webtiles) character file.

28242 CplKlinger the Peltast (level 13, -4/114 HPs)
             Began as a Minotaur Fighter on Oct 9, 2016.
             Was a High Priest of Trog.
             Slain by a redback (7 damage)
             ... on level 2 of the Spider Nest.
             The game lasted 01:17:25 (17903 turns).

CplKlinger the Peltast (Minotaur Fighter)          Turns: 17903, Time: 01:17:27

Health: -4/114     AC:  2    Str: 21    XL:     13   Next: 8%
Magic:  12/12      EV:  5    Int:  5    God:    Trog [*****.]
Gold:   935        SH:  0    Dex: 17    Spells: 0 memorised, 12 levels left

rFire  . . .     SeeInvis .     a - +1 trident
rCold  . . .     Gourm    .     o - +2 plate armour
rNeg   . . .     Faith    .     c - +2 shield
rPois  +         Spirit   .     (helmet restricted)
rElec  .         Dismiss  .     m - +2 cloak
rCorr  .         Reflect  .     (no gloves)
SustAt .         Harm     .     h - +0 pair of boots
MR     ++...                    (no amulet)
Stlth  ..........               O - +3 ring of dexterity
                                k - ring of poison resistance

@: lethally poisoned (-4 -> -18), corroded, held, regenerating, very resistant
to hostile enchantments, extremely unstealthy
A: retaliatory headbutt, horns 2, rough black scales 1
a: Berserk, Trog's Hand, Brothers in Arms, Burn Spellbooks, Renounce Religion


You were on level 2 of the Spider Nest.
You worshipped Trog.
Trog was extremely pleased with you.
You were not hungry.

You visited 3 branches of the dungeon, and saw 17 of its levels.

You collected 935 gold pieces.

Inventory:

Hand Weapons
 a - a +1 trident (weapon)
 g - a +0 shortbow
 B - a +0 hand crossbow
 L - a +0 hunting sling
 R - a +0 blowgun
Missiles
 e - 10 poisoned needles
 i - 17 javelins
 l - 156 sling bullets
 n - 275 arrows
 r - a throwing net (quivered)
 A - 33 bolts
Armour
 c - a +2 shield (worn)
 h - a +0 pair of boots (worn)
 m - a +2 cloak (worn)
 o - a +2 plate armour (worn)
Jewellery
 k - a ring of poison resistance (left hand)
 x - a +4 ring of protection
 O - a +3 ring of dexterity (right hand)
Wands
 q - a wand of paralysis (7/24)
 D - a wand of lightning (4/15)
 J - a wand of iceblast (13/15)
 K - a wand of enslavement (6/24)
 Q - a wand of confusion (20/48)
 S - a wand of lightning (7/15)
 T - a wand of enslavement (7/24)
 V - a wand of slowing (33/48)
Scrolls
 b - 3 scrolls of recharging
 v - 2 scrolls of identify
 y - a scroll of fog
 H - 3 scrolls of remove curse
 I - 4 scrolls of magic mapping
Potions
 d - 2 potions of might
 p - 3 potions of flight
 w - 3 potions of lignification
 E - 2 potions of brilliance {unknown}
 G - a potion of agility
 M - a potion of haste
 N - a potion of magic {unknown}
 P - a potion of berserk rage {unknown}
 W - a potion of curing
Miscellaneous
 U - a lamp of fire
Comestibles
 f - 2 bread rations
 j - 6 fruits
 s - a royal jelly
 t - 4 slices of pizza
 u - 5 meat rations
 z - a beef jerky


   Skills:
 + Level 10.7 Fighting
 + Level 12.1 Polearms
 + Level 1.8 Slings
 + Level 12.4 Armour
 + Level 5.3 Dodging
 + Level 2.3 Stealth
 + Level 15.9 Shields
 + Level 0.1 Evocations


You had 12 spell levels left.
You didn't know any spells.

Dungeon Overview and Level Annotations

Branches:
Dungeon (11/15)            Temple (0/1) D:4            Lair (4/8) D:11
 Spider (2/4) Lair:4          Orc (0/2) D:11
  Swamp: Lair:3-6    Shoals: Lair:3-6

Altars:
Cheibriados
Elyvilon
Kikubaaqudgha
Makhleb
Nemelex Xobeh
Okawaru
Pakellas
Trog
Vehumet
Xom
Yredelemnul
Zin
The Shining One

Annotations:
D:4 exclusion: oklob sapling


Innate Abilities, Weirdness & Mutations

You reflexively headbutt those who attack you in melee.
You have a pair of horns on your head.
You are partially covered in rough black scales (AC +4, Dex -1).


Message History

You feel slightly more hungry.
You feel very sick. The redback bites you!
* * * LOW HITPOINT WARNING * * *
The redback completely misses you.
The jumping spider leaps!
The entropy weaver gestures wildly while chanting.
The entropic weave corrodes you!
Your iron troll goes berserk!
You feel somewhat more hungry.
You feel very sick. The redback bites you.
* * * LOW HITPOINT WARNING * * *
The redback bites you.
* * * LOW HITPOINT WARNING * * *
The jumping spider pounces on you.
* * * LOW HITPOINT WARNING * * *
You are caught in a web!
The jumping spider bites you.
* * * LOW HITPOINT WARNING * * *
The redback bites you!
You die...

...#....#.....# .%.
##.##..##....#.### ....
#..###..#........# ...^
##..#..#..#.......#^...#
#......#..........#....
...<.....#^........#
#.###.†..>..!^†.†..# .
..#.........#.^.ss.#....
..............#s@p..#
.......#.^..........#
....^#....##....T#..#
...#..#.#..>....§...#
..............#.#...#
..........#.}#....#.#
#........#..##...##.
#....###.....#. .# ##
...# #.. ..#


You could see an entropy weaver, a jumping spider, 2 redbacks and a friendly
iron troll (berserk).

Vanquished Creatures
  Snorg (Lair:3)
  Fannar (Lair:3)
  A hydra (D:9)
  Sonja (Lair:3)
  4 hill giants
  3 orb spiders (Spider:1)
  2 ugly things (D:11)
  6 wolf spiders
  A cyclops (D:11)
  A black mamba (Lair:3)
  A torpor snail (Spider:1)
  3 spiny frogs
  3 komodo dragons
  10 jumping spiders
  2 trolls
  A two-headed ogre (D:11)
  Sigmund (D:6)
  7 redbacks
  A spriggan (D:8)
  A tarantella (Spider:1)
  A vampire (D:8)
  A wraith (D:11)
  23 yaks
  The ghost of Cousarr the Skirmisher, an amateur DsCK of Xom (D:4)
  2 hungry ghosts
  4 basilisks
  A steam dragon (D:10)
  6 hippogriffs
  A soldier ant (D:11)
  2 water moccasins
  2 porcupines (Lair:3)
  5 orc warriors
  2 ice beasts
  11 ogres
  2 phantoms
  4 sky beasts
  4 centaurs
  The ghost of morik the Ruffian, an amateur DrTm (D:3)
  6 crocodiles
  11 giant frogs
  3 scorpions
  19 killer bees
  2 howler monkeys
  3 wights (D:11)
  An electric eel (D:8)
  2 crimson imps
  A giant frog zombie (D:6)
  2 quasits
  3 jellies
  7 orc priests
  2 centaur skeletons
  5 hounds
  9 orc wizards
  10 iguanas
  3 worker ants
  A hound zombie (D:6)
  A hound skeleton (D:4)
  A worker ant zombie (D:5)
  A howler monkey skeleton (D:9)
  12 adders
  17 river rats
  3 shadow imps
  3 worms
  2 dart slugs
  A giant gecko (D:1)
  33 orcs
  4 ball pythons
  5 giant cockroaches
  5 goblins
  10 hobgoblins
  10 jackals
  A quokka (D:8)
  10 bats
  A giant cockroach zombie (D:6)
  A giant gecko skeleton (D:8)
  3 giant newts
  3 kobolds
  8 rats
  A butterfly (Lair:3)
  2 fungi
  2 plants
354 creatures vanquished.

Vanquished Creatures (collateral kills)
  An orb spider (Spider:1)
1 creature vanquished.

Vanquished Creatures (others)
  2 fungi (Lair:3)
  A plant (Lair:3)
3 creatures vanquished.

Grand Total: 358 creatures vanquished

Notes
Turn   | Place    | Note
--------------------------------------------------------------
     0 | D:1      | CplKlinger the Minotaur Fighter began the quest for the Orb.
     0 | D:1      | Reached XP level 1. HP: 19/19 MP: 0/0
   318 | D:1      | Reached XP level 2. HP: 27/27 MP: 1/1
   646 | D:1      | Reached skill level 4 in Shields
   792 | D:2      | Found an iron altar of Okawaru.
   824 | D:2      | Reached XP level 3. HP: 25/33 MP: 2/2
  1202 | D:2      | Found a glowing golden altar of the Shining One.
  1247 | D:2      | Reached XP level 4. HP: 39/41 MP: 3/3
  1322 | D:2      | Found an oddly glowing altar of Pakellas.
  1324 | D:2      | Found an ancient bone altar of Kikubaaqudgha.
  1326 | D:2      | Found a white marble altar of Elyvilon.
  1326 | D:2      | Found a bloodstained altar of Trog.
  1358 | D:2      | Became a worshipper of Trog the Wrathful
  1535 | D:2      | Reached skill level 1 in Dodging
  1782 | D:3      | Found a burning altar of Makhleb.
  1840 | D:3      | Found a glowing silver altar of Zin.
  1841 | D:3      | Noticed an angel
  1845 | D:3      | Found a shimmering altar of Xom.
  1989 | D:3      | Noticed morik's ghost (amateur DrTm)
  2010 | D:3      | Killed morik's ghost
  2010 | D:3      | Reached skill level 5 in Shields
  2010 | D:3      | Reached XP level 5. HP: 31/47 MP: 4/4
  2146 | D:3      | Reached skill level 5 in Armour
  2160 | D:3      | Reached * piety under Trog
  2511 | D:3      | Found a basalt altar of Yredelemnul.
  2758 | D:4      | Reached XP level 6. HP: 53/53 MP: 5/5
  2945 | D:4      | Found a staircase to the Ecumenical Temple.
  3097 | D:4      | Noticed Cousarr's ghost (amateur DsCK)
  3110 | D:4      | Paralysed by Cousarr's ghost for 3 turns
  3115 | D:4      | Killed Cousarr's ghost
  3212 | D:4      | Reached skill level 6 in Shields
  3500 | D:4      | Reached XP level 7. HP: 52/60 MP: 6/6
  3750 | D:4      | Found a snail-covered altar of Cheibriados.
  3817 | D:5      | Entered Level 5 of the Dungeon
  3823 | D:5      | Reached skill level 5 in Fighting
  4519 | D:5      | Reached skill level 5 in Polearms
  4519 | D:5      | Reached skill level 7 in Shields
  4705 | D:6      | Found a sparkling altar of Nemelex Xobeh.
  4928 | D:6      | Reached skill level 1 in Stealth
  4928 | D:6      | Reached XP level 8. HP: 59/69 MP: 7/7
  5186 | D:6      | Reached skill level 8 in Shields
  5371 | D:6      | Noticed Sigmund
  5383 | D:6      | Killed Sigmund
  5383 | D:6      | Reached skill level 9 in Shields
  5684 | D:6      | Reached XP level 9. HP: 72/75 MP: 8/8
  5806 | D:7      | Reached ** piety under Trog
  6352 | D:7      | Reached skill level 10 in Shields
  6722 | D:8      | Gained mutation: You are partially covered in rough black scales (AC +4, Dex -1). [potion of beneficial mutation]
  7200 | D:8      | Found a radiant altar of Vehumet.
  7306 | D:8      | Reached skill level 11 in Shields
  7598 | D:8      | Reached *** piety under Trog
  8289 | D:9      | Reached XP level 10. HP: 84/84 MP: 9/9
  8384 | D:9      | Reached skill level 1 in Slings
  8730 | D:9      | Noticed a seven-headed hydra
  8739 | D:9      | Killed a seven-headed hydra
  8739 | D:9      | Reached **** piety under Trog
  8739 | D:9      | Reached skill level 12 in Shields
  9367 | D:10     | Entered Level 10 of the Dungeon
  9791 | D:10     | Noticed a hill giant
  9806 | D:10     | Killed a hill giant
 10330 | D:10     | Reached skill level 13 in Shields
 10330 | D:10     | Reached XP level 11. HP: 94/94 MP: 10/10
 10346 | D:10     | Reached skill level 10 in Armour
 10668 | D:10     | Found a white marble altar of Elyvilon.
 10672 | D:10     | Reached ***** piety under Trog
 11177 | D:11     | Found a staircase to the Orcish Mines.
 11538 | D:11     | Found a staircase to the Lair.
 11554 | D:11     | Noticed a hill giant
 11562 | D:11     | Killed a hill giant
 11719 | D:11     | Noticed a cyan ugly thing
 11737 | D:11     | Noticed a hill giant
 11738 | D:11     | Killed a cyan ugly thing
 11750 | D:11     | Killed a hill giant
 11794 | D:11     | Reached skill level 10 in Polearms
 12264 | D:11     | Noticed a hill giant
 12275 | D:11     | Killed a hill giant
 12293 | D:11     | Noticed a cyan ugly thing
 12308 | D:11     | Killed a cyan ugly thing
 12308 | D:11     | Reached skill level 14 in Shields
 12494 | Lair:1   | Entered Level 1 of the Lair of Beasts
 12559 | Lair:1   | Received a gift from Trog
 12838 | Lair:1   | Reached skill level 5 in Dodging
 12953 | Lair:1   | Reached XP level 12. HP: 101/105 MP: 11/11
 12973 | Lair:1   | Got a blackened ring mail
 14198 | Lair:2   | You fall through a shaft!
 14205 | Lair:3   | Noticed Snorg
 14224 | Lair:3   | Killed Snorg
 14363 | Lair:3   | Noticed Sonja
 14376 | Lair:3   | Reached skill level 10 in Fighting
 14966 | Lair:3   | Noticed Fannar
 15473 | Lair:3   | Killed Sonja
 15473 | Lair:3   | Reached skill level 15 in Shields
 15507 | Lair:3   | Killed Fannar
 15796 | Lair:4   | Found a hole to the Spider Nest.
 16063 | Spider:1 | Entered Level 1 of the Spider Nest
 16568 | Spider:1 | Received a gift from Trog
 17319 | Spider:1 | Reached XP level 13. HP: 114/114 MP: 12/12
 17903 | Spider:2 | HP: 3/114 [jumping spider (3)]
 17903 | Spider:2 | Slain by a redback

Skill      XL: |  1  2  3  4  5  6  7  8  9 10 11 12 |
---------------+-------------------------------------+-----
Fighting       | 4 5 6 8 9 10 | 10.7
Armour         | 4 5 6 7 8 9 11 12 | 12.4
Shields        | 4 5 6 7 9 11 13 14 15 | 15.9
Dodging        | 2 3 4 5 |  5.3
Polearms       | 3 4 5 6 7 9 10 12 | 12.1
Stealth        | 1 2 |  2.3
Slings         | 1 |  1.8
Evocations     | |  0.1

Action                   |  1- 3 |  4- 6 |  7- 9 | 10-12 | 13-15 || total
-------------------------+-------+-------+-------+-------+-------++-------
Melee: Trident           |   115 |   126 |   399 |  1170 |    49 ||  1859
       Headbutt          |    13 |    35 |    94 |   277 |    14 ||   433
       Hunting sling     |       |       |     1 |       |       ||     1
 Fire: Hunting sling     |       |       |    20 |       |       ||    20
Invok: Berserk           |       |     1 |     2 |     7 |       ||    10
       Burn Spellbooks   |       |       |     1 |     4 |       ||     5
       Trog's Hand       |       |       |       |     4 |     1 ||     5
       Brothers in Arms  |       |       |       |       |     1 ||     1
Evoke: Wand              |       |       |     1 |     3 |       ||     4
  Use: Scroll            |     3 |     7 |    12 |    12 |       ||    34
       Potion            |       |       |     4 |    16 |       ||    20
 Stab: Distracted        |       |       |       |     2 |       ||     2
       Invisible         |       |       |       |     1 |       ||     1
  Eat: Fruit             |     1 |     1 |       |     4 |       ||     6
       Bread ration      |       |     2 |     5 |     8 |       ||    15
Armor: Scale mail        |    40 |       |       |       |       ||    40
       Plate armour      |    22 |    85 |   231 |   703 |    20 ||  1061
       Skin              |       |       |       |    13 |       ||    13
Dodge: Dodged            |    36 |    25 |    76 |   352 |    18 ||   507
Block: Shield            |    63 |    79 |   296 |   980 |    59 ||  1477
